 Dungeon Crawl Stone Soup version 0.25-a0-306-g3faca94 (webtiles) character file.

Game seed: 3851012714337856781, levelgen mode: deterministic

30 Birdy the Chiller (level 3, -1/49 HPs)
             Began as an Ogre Ice Elementalist on Dec 20, 2019.
             Killed by nerve-wracking pain
             ... invoked by Jessica
              (11 damage)
             ... on level 2 of the Dungeon.
             The game lasted 00:03:04 (1018 turns).

Birdy the Chiller (Ogre Ice Elementalist)           Turns: 1018, Time: 00:03:04

Health: -1/49      AC:  3    Str: 19    XL:     3   Next: 20%
Magic:  7/7        EV: 10    Int: 17    God:
Gold:   64         SH:  0    Dex:  9    Spells: 6/7 levels left

rFire    . . .     SeeInvis .   (no weapon)
rCold    . . .     Gourm    .   (no shield)
rNeg     . . .     Faith    .   a - +0 robe
rPois    .         Spirit   .   (helmet restricted)
rElec    .         Reflect  .   (no cloak)
rCorr    .         Harm     .   (gloves unavailable)
MR       .....                  (boots unavailable)
Stlth    ..........             i - amulet of magic regeneration
HPRegen  0.16/turn              g - +2 ring of strength
MPRegen  0.35/turn              (no ring)

@: berserking (expiring), slowed
A: large, unfitting armour, tough skin 1
a: no special abilities


You were on level 2 of the Dungeon.
You were not hungry.

You visited 1 branch of the dungeon, and saw 2 of its levels.

You collected 64 gold pieces.

Inventory:

Armour
 a - a +0 robe (worn)
Jewellery
 g - a +2 ring of strength (left hand)
 i - an amulet of magic regeneration (around neck)
Scrolls
 b - a scroll of identify {unknown}
 e - 2 scrolls of teleportation {unknown}
Potions
 d - a potion of curing {unknown}
 f - a potion of berserk rage
 h - a potion of lignification {unknown}
Comestibles
 c - 5 rations


   Skills:
 + Level 1.5 Fighting
 - Level 1.7 Dodging
 - Level 1.4 Stealth
 + Level 2.9 Spellcasting
 * Level 4.1 Ice Magic


You had 6 spell levels left.
You knew the following spells:

 Your Spells              Type           Power        Failure   Level  Hunger
a - Freeze                Ice            ###.         3%          1    #......

Your spell library contained the following spells:

 Spells                   Type           Power        Failure   Level  Hunger
 Ozocubu's Armour         Chrm/Ice       #.......     22%         3    ###....
 Hailstorm                Conj/Ice       #.......     58%         4    #####..
 Summon Ice Beast         Ice/Summ       #.......     58%         4    #####..


Dungeon Overview and Level Annotations

Branches:
Dungeon (2/15)

Altars:

Annotations:
D:2 Jessica


Innate Abilities, Weirdness & Mutations

You are too large for most types of armour.
You have tough skin. (AC +1)


Message History

You kill the frilled lizard!
You feel sick.
You are no longer poisoned.
You hit the kobold.
You kill the kobold!
You closely miss Jessica. Jessica closely misses you.
You closely miss Jessica. Jessica hits you. Jessica casts a spell at you.
Pain shoots through your body!
* * * LOW HITPOINT WARNING * * *
Unknown command.
You closely miss Jessica. Jessica hits you.
* * * LOW HITPOINT WARNING * * *
You are too berserk!
You closely miss Jessica.
Jessica gestures wildly while chanting.
Jessica blinks!
Jessica casts a spell at you. Pain shoots through your body!
You die...

###########
#######........<.#
#.....#..........#
#.....#..........###### ....
#.....#................##....
#.....#.....................
#.........(.......### #....
#.....###.@###......# #..#
#.....####..@lw..#..###..####
#......#...###........l!.....
###.(..<(...##....>..........
#......((...#.....#.$.††....
##############..............
#....##....$(..
#..............
#..............
................


You could see a worm, Jessica and a frilled lizard.

Vanquished Creatures
  An adder (D:2)
  A ball python (D:1)
  5 bats
  3 goblins
  2 hobgoblins (D:1)
  4 frilled lizards
  4 kobolds
  4 rats (D:1)
24 creatures vanquished.

Notes
Turn   | Place    | Note
-------+----------+-------------------------------------------
     0 | D:1      | Birdy the Ogre Ice Elementalist began the quest for the
                  | Orb.
     0 | D:1      | Reached XP level 1. HP: 16/16 MP: 3/3
   251 | D:1      | Reached XP level 2. HP: 20/26 MP: 1/5
   261 | D:1      | Reached skill level 1 in Fighting
   902 | D:2      | Reached skill level 4 in Ice Magic
   994 | D:2      | Reached XP level 3. HP: 24/33 MP: 1/7
   996 | D:2      | Noticed Jessica
  1018 | D:2      | Killed from afar by Jessica

Levels and vault maps discovered:
D:1:      onia_arrival_mini_spirals, layout_loops_ring, minmay_statues_item
D:2:      layout_rooms, cheibriados_altar_1, first_ration, uniq_jessica,
          uniq_crazy_yiuf_cottage

Skill      XL: |  1  2 |
---------------+-------+-----
Fighting       | 1 |  1.5
Ice Magic      | 4 |  4.1
Dodging        | |  1.7
Stealth        | |  1.4
Spellcasting   | |  2.9

Action                   || total
-------------------------++-------
Melee: Unarmed           ||    16
 Cast: Freeze            ||    35
  Use: Potion            ||     1
Armor: Robe              ||    27
Dodge: Dodged            ||    35

Table legend:
 A = Non-vault XP
 B = Vault XP
 C = Vault XP percentage of total XP
 D = Non-vault monster count
 E = Vault monster count
 F = Vault count percentage of total count
                 A         B        C        D         E       F
            +---------+---------+-------+---------+---------+-------
      Total |      44 |       0 |   0.0 |      24 |       0 |   0.0
            +---------+---------+-------+---------+---------+-------
        D:1 |      21 |       0 |   0.0 |      15 |       0 |   0.0
        D:2 |      23 |       0 |   0.0 |       9 |       0 |   0.0
            +---------+---------+-------+---------+---------+-------
